Map: Catalyst LE

Players

Serral

  • Race: Zerg Zerg
  • League: Grandmaster
  • Spawn Location: 5:00

Starbuck - Winner!

  • Race: Zerg Zerg
  • League: Grandmaster
  • Spawn Location: 11:00

Event: WESG Barcelona European Finals 2017

VOD

Have the link to the VOD?

Description

Time

  • Played on: Nov. 24, 2017, 9:25 a.m.
  • Length: 9:11

All games in this series

Show
View Real Time Build Order
Export as new Build Order

Serral Zerg 

Build Orders: Hatch First 

Get SALT Encoding   

  12  0:00  Drone  
  13  0:12  Overlord  
  13  0:17  Drone  
  14  0:30  Drone x2  
  14  0:34  Drone  
  17  0:51  Hatchery  
  17  0:55  Drone  
  17  0:58  Drone  
  17  1:03  Extractor  
  17  1:12  Spawning Pool  
  17  1:16  Drone  
  17  1:20  Drone  
  18  1:28  Drone  
  19  1:38  Overlord  
  19  1:49  Drone  
  20  1:59  Zergling x2, Queen  
  23  2:02  Metabolic Boost  
  23  2:03  Queen  
  23  2:07  Zergling x2  
  26  2:13  Drone  
  26  2:14  Drone  
  28  2:23  Baneling Nest  
  28  2:24  Drone  
  28  2:26  Drone  
  29  2:32  Zergling x2  
  30  2:39  Overlord  
  30  2:43  Drone  
  31  2:46  Drone  
  32  2:54  Drone  
  33  3:02  Drone  
  33  3:05  Drone, Hatchery  
  34  3:08  Drone  
  34  3:09  Drone  
  36  3:17  Drone x3  
  36  3:19  Drone  
  40  3:26  Drone, Evolution Chamber  
  39  3:28  Overlord  
  39  3:31  Drone  
  40  3:40  Roach Warren  
  39  3:41  Zergling x2  
  39  3:42  Zergling x2  
  39  3:43  Drone  
  39  3:47  Extractor  
  41  3:49  Overlord  
  41  3:51  Drone  
  41  3:52  Drone x2  
  43  3:57  Zerg Missile Weapons Level 1  
  43  4:03  Overlord  
  43  4:05  Drone x2  
  43  4:06  Drone  
  45  4:16  Drone x3  
  48  4:18  Extractor  
  48  4:20  Lair  
  48  4:22  Roach  
  48  4:23  Roach  
  51  4:28  Roach x2  
  55  4:32  Roach x2  
  55  4:37  Overlord  
  59  4:39  Roach  
  59  4:42  Roach  
  63  4:48  Roach x2  
  63  4:52  Roach x2  
  71  5:01  Roach x3  
  77  5:08  Roach  
  77  5:09  Roach  
  77  5:12  Overlord  
  81  5:18  Zergling x2, Roach  
  74  5:22  Roach x2  
  74  5:23  Roach  
  72  5:29  Zergling x4, Roach x3  
  76  5:37  Roach x3  
  76  5:42  Roach  
  73  5:45  Roach  
  73  5:46  Roach  
  71  5:52  Roach  
  71  5:56  Roach x2  
  74  6:01  Queen  
  76  6:04  Roach  
  76  6:05  Roach  
  76  6:11  Roach  
  80  6:12  Queen  
  82  6:20  Roach x2  
  82  6:25  Glial Reconstitution  
  84  6:31  Queen, Drone x3  
  89  6:36  Overlord  
  89  6:40  Overlord  
  89  6:42  Overseer  
  89  6:47  Overlord  
  89  6:48  Zerg Missile Weapons Level 2  
  89  6:51  Drone  
  90  6:55  Roach x2  
  90  6:59  Overlord  
  94  7:03  Roach  
  94  7:04  Roach  
  94  7:05  Roach  
  100  7:14  Overlord  
  100  7:16  Drone x2  
  100  7:17  Drone x2  
  100  7:20  Roach x2  
  100  7:22  Drone x2  
  110  7:24  Drone  
  111  7:34  Drone x3  
  114  7:38  Overlord, Extractor  
  113  7:45  Roach x3  
  113  7:46  Roach x2  
  121  7:53  Roach x4  
  121  7:54  Roach  
  123  8:00  Ravager  
  123  8:01  Ravager  
  123  8:03  Roach  
  123  8:04  Roach  
  123  8:05  Queen  
  131  8:06  Queen  
  130  8:17  Roach x5  
  102  8:28  Roach x3  
  102  8:29  Roach  
  79  8:43  Roach x4  
  78  8:52  Roach  
Show
View Real Time Build Order
Export as new Build Order

Starbuck Zerg - Winner!

Build Orders: Pool First 

Get SALT Encoding   

  12  0:00  Drone  
  13  0:12  Overlord  
  13  0:17  Drone  
  14  0:30  Drone x2  
  14  0:34  Drone  
  17  0:44  Spawning Pool  
  17  0:48  Drone  
  17  0:56  Drone  
  18  1:12  Hatchery  
  18  1:15  Drone  
  18  1:29  Extractor  
  18  1:30  Queen  
  18  1:31  Zergling x2  
  20  1:36  Overlord  
  20  1:38  Drone  
  21  1:49  Drone  
  22  2:00  Drone  
  23  2:06  Queen  
  25  2:13  Drone  
  26  2:21  Drone  
  27  2:25  Drone  
  27  2:26  Queen  
  30  2:32  Drone  
  30  2:35  Drone  
  31  2:38  Overlord  
  31  2:39  Drone x2  
  33  2:44  Lair  
  33  2:45  Drone  
  33  2:49  Drone  
  35  2:58  Drone x2  
  37  3:08  Roach Warren  
  37  3:10  Drone x2, Evolution Chamber  
  37  3:14  Drone  
  37  3:15  Drone, Extractor  
  37  3:16  Drone  
  39  3:24  Drone x2  
  41  3:28  Overlord  
  41  3:30  Drone  
  42  3:40  Drone, Overlord  
  43  3:42  Overlord  
  43  3:48  Roach x2, Glial Reconstitution  
  46  3:51  Roach  
  48  4:03  Roach x4  
  48  4:05  Roach  
  58  4:10  Roach  
  58  4:17  Overlord  
  60  4:18  Roach x2  
  60  4:21  Roach  
  60  4:22  Overlord  
  66  4:27  Roach  
  68  4:33  Overlord  
  68  4:34  Overlord  
  68  4:36  Roach x2  
  72  4:40  Roach  
  74  4:48  Roach  
  74  4:52  Roach, Overlord  
  78  4:54  Roach  
  80  5:01  Overlord  
  80  5:16  Roach x2  
  80  5:17  Roach x3  
  86  5:24  Roach  
  86  5:27  Roach  
  84  5:32  Roach  
  86  5:35  Roach  
  86  5:41  Roach  
  80  5:46  Roach, Extractor  
  77  5:50  Roach  
  77  5:54  Roach  
  79  5:57  Hatchery  
  79  5:58  Drone  
  79  6:00  Extractor  
  79  6:01  Drone x3  
  81  6:07  Roach  
  81  6:10  Drone x2  
  77  6:14  Drone x2  
  77  6:16  Drone x2  
  77  6:17  Drone  
  82  6:18  Zerg Missile Weapons Level 1  
  82  6:25  Roach x2  
  84  6:40  Overlord  
  84  6:41  Roach  
  84  6:42  Roach x3  
  84  6:46  Roach  
  94  6:50  Roach x3  
  94  6:53  Roach  
  102  6:59  Roach  
  104  7:02  Roach  
  104  7:05  Roach x3  
  112  7:11  Roach x2  
  114  7:17  Roach x4  
  114  7:20  Roach  
  126  7:23  Roach  
  128  7:30  Roach  
  128  7:31  Roach  
  128  7:36  Overlord  
  130  7:45  Overlord  
  124  7:55  Roach x7  
  138  8:04  Roach  
  138  8:05  Roach x4  
  146  8:06  Overlord x2  
  143  8:18  Roach x2  
  143  8:19  Roach x4  
  137  8:23  Roach  
  137  8:24  Roach  
  131  8:27  Roach  
  131  8:29  Roach  
  131  8:32  Roach  
  123  8:38  Roach x2  
  125  8:44  Roach x2  
  125  8:48  Roach  
  127  8:49  Roach  
  127  8:51  Roach  
  123  8:56  Ravager  
Tags
 
Add a new tag
Caveats
  • Supply blocks, unpowered buildings, or Contaminate may cause inaccurate times.
  • Supply counts are checked every 10 seconds.